 Dungeon Crawl Stone Soup version 0.20.1-1-g8b1a95d (console) character file.

1171 hilaritas the Quickloader (level 8, -5/62 HPs)
             Began as a Formicid Hunter on Feb 9, 2018.
             Slain by an ice beast (10 damage)
             ... on level 5 of the Dungeon.
             The game lasted 00:15:24 (5528 turns).

hilaritas the Quickloader (Formicid Hunter)         Turns: 5528, Time: 00:15:25

Health: -5/62      AC:  6    Str: 19    XL:     8   Next: 68%
Magic:  8/8        EV: 11    Int: 11    God:
Gold:   193        SH:  0    Dex: 11    Spells: 7/7 levels left

rFire    . . .     SeeInvis +   p - +1 short sword (freeze)
rCold    . . .     Gourm    .   (no shield)
rNeg     . . .     Faith    .   h - +0 ring mail
rPois    .         Spirit   .   (helmet unavailable)
rElec    .         Reflect  .   (no cloak)
rCorr    .         Harm     .   (no gloves)
MR       +....                  (no boots)
Stlth    ++........             (no amulet)
Regen    0.2/turn               g - +1 ring of protection
MPRegen  0.2/turn               b - ring of protection from magic

@: no status effects
A: permanent stasis, dig shafts and tunnels, four strong arms, antennae 3
a: Dig, Shaft Self


You were on level 5 of the Dungeon.
You were not hungry.

You visited 2 branches of the dungeon, and saw 6 of its levels.
You also visited: Sewer.

You collected 193 gold pieces.

Inventory:

Hand Weapons
 a - a +1 hand crossbow
 p - a +1 short sword of freezing (weapon)
Armour
 h - a +0 ring mail (worn)
Jewellery
 b - a ring of protection from magic (right hand)
 g - a +1 ring of protection (left hand)
Wands
 q - a wand of flame (30/48)
Scrolls
 e - 2 scrolls of fear
 i - a scroll of remove curse
Potions
 j - 2 potions of curing
 l - 2 potions of cancellation
 m - 2 potions of brilliance
 n - 3 potions of flight
 o - 3 potions of invisibility
 r - a potion of mutation
Books
 c - a book of Minor Magic

   Spells                             Type                      Level
   a - Magic Dart                     Conjuration                  1
   b - Blink                          Translocation                2
   c - Call Imp                       Summoning                    2
   d - Slow                           Hexes                        2
   e - Conjure Flame                  Conjuration/Fire             3
   f - Mephitic Cloud                 Conjuration/Poison/Air       3
Comestibles
 f - 3 bread rations
 k - 2 meat rations


   Skills:
 * Level 5.1 Fighting
 * Level 9.2 Crossbows
 - Level 1.7 Dodging
 * Level 4.0 Stealth


You had 7 spell levels left.
You didn't know any spells.

Dungeon Overview and Level Annotations

Branches:
Dungeon (5/15)             Temple (1/1) D:4

Altars:
Ashenzari
Dithmenos
Fedhas
Hepliaklqana
Kikubaaqudgha
Makhleb
Qazlal
Ru
Uskayaw
Xom
The Shining One
Lugonu


Innate Abilities, Weirdness & Mutations

You cannot be hasted, slowed, berserked, paralysed or teleported.
You can dig through walls and to a lower floor.
Your four strong arms can wield two-handed weapons with a shield.
You have a pair of large antennae on your head. (SInv)


Message History

The ice beast is moderately wounded.
The ice beast misses you.
You hit the ice beast.
The ice beast is heavily wounded.
The ice beast hits you. The ice beast freezes you! The ice beast hits you.
The ice beast freezes you!
Okay, then.
You closely miss the ice beast.
The ice beast is heavily wounded.
The ice beast hits you but does no damage.
You completely miss the ice beast.
The ice beast is moderately wounded.
The ice beast hits you. The ice beast freezes you!
* * * LOW HITPOINT WARNING * * *
You closely miss the ice beast.
The ice beast is moderately wounded.
The ice beast hits you.
* * * LOW HITPOINT WARNING * * *
The ice beast freezes you!
You die...

#......# ###..... #..###
#..... ##.### .# ##'##
.# ##...## .# ##.....#
#.## ##.......
##.######...####........
#...((Y@.......+........
.#######.......#........
##.#.###.##.......
#....# #.###.....#
#..#####.####)..##
#..#.........#+##
#..#.###.###.#
#........# #.#
####.##### #.# #.......#
#.. ###.###.# #).


You could see an ice beast.

Vanquished Creatures
  Grinder (D:3)
  Eustachio (D:4)
  Menkaure (D:4)
  The ghost of simples the Sneak, an amateur SpEn (D:4)
  A centaur (D:5)
  A scorpion (D:4)
  2 hounds (D:4)
  2 orc wizards
  2 orc priests (D:4)
  An iguana (D:4)
  4 worker ants (D:4)
  8 adders
  An ooze (D:3)
  6 worms
  4 dart slugs
  5 leopard geckos
  12 orcs
  6 giant cockroaches
  6 goblins
  5 hobgoblins
  4 jackals (Sewer)
  A quokka (D:4)
  5 ball pythons
  15 bats
  8 frilled lizards
  3 kobolds
  11 rats
117 creatures vanquished.

Vanquished Creatures (others)
  2 plants (D:4)
2 creatures vanquished.

Grand Total: 119 creatures vanquished

Notes
Turn   | Place    | Note
-------+----------+-------------------------------------------
     0 | D:1      | hilaritas the Formicid Hunter began the quest for the Orb.
     0 | D:1      | Reached XP level 1. HP: 16/16 MP: 1/1
   170 | D:1      | Reached XP level 2. HP: 17/22 MP: 2/2
   391 | D:1      | You fall through a shaft!
   420 | D:2      | Found a burning altar of Makhleb.
   635 | D:1      | Reached XP level 3. HP: 27/27 MP: 3/3
  1094 | D:2      | Reached skill level 5 in Crossbows
  1121 | D:2      | Found a shattered altar of Ashenzari.
  1372 | D:2      | Found a stormy altar of Qazlal.
  1418 | D:2      | Reached XP level 4. HP: 33/33 MP: 4/4
  1504 | D:2      | Found a glowing golden altar of the Shining One.
  2002 | D:3      | Found a glowing drain.
  2020 | Sewer    | Entered a sewer
  2183 | Sewer    | Reached XP level 5. HP: 39/39 MP: 5/5
  2631 | D:3      | Reached skill level 6 in Crossbows
  3100 | D:3      | Reached XP level 6. HP: 46/46 MP: 6/6
  3154 | D:3      | Noticed Grinder
  3190 | D:3      | Killed Grinder
  3190 | D:3      | Reached skill level 7 in Crossbows
  3190 | D:3      | Reached XP level 7. HP: 22/52 MP: 7/7
  3670 | D:4      | Noticed Menkaure
  3675 | D:4      | Killed Menkaure
  3845 | D:4      | Noticed Eustachio
  3884 | D:4      | Killed Eustachio
  3884 | D:4      | Reached skill level 8 in Crossbows
  4022 | D:4      | Found a staircase to the Ecumenical Temple.
  4028 | Temple   | Entered the Ecumenical Temple
  4093 | D:4      | Reached XP level 8. HP: 60/60 MP: 8/8
  4126 | D:4      | HP: 3/60 [orc wizard/magic dart (5)]
  4542 | D:4      | Noticed simples's ghost (amateur SpEn)
  4546 | D:4      | Killed simples's ghost
  4977 | D:4      | Reached skill level 9 in Crossbows
  5313 | D:5      | Entered Level 5 of the Dungeon
  5327 | D:5      | Reached skill level 5 in Fighting
  5528 | D:5      | HP: 5/62 [ice beast (2)]
  5528 | D:5      | Slain by an ice beast

Skill      XL: |  1  2  3  4  5  6  7  8 |
---------------+-------------------------+-----
Crossbows      | 5 6 7 8 9 |  9.2
Stealth        | 2 3 4 |  4.0
Fighting       | 3 4 5 |  5.1
Dodging        | |  1.7

Action                   |  1- 3 |  4- 6 |  7- 9 || total
-------------------------+-------+-------+-------++-------
Melee: Short sword       |    13 |    43 |   110 ||   166
 Fire: Hand crossbow     |    59 |   126 |    78 ||   263
  Use: Scroll            |     4 |     6 |     3 ||    13
  Eat: Chunk             |     1 |     6 |     8 ||    15
Armor: Ring mail         |     2 |    34 |    40 ||    76
Dodge: Dodged            |    13 |    67 |    81 ||   161
